 Dungeon Crawl Stone Soup version 0.30-a0-329-g85436e0a43 (webtiles) character file.

Game seed: 4681553014705218206

84 oldmanjim the Magician (level 4, -4/32 HPs)
             Began as a Djinni Earth Elementalist on Oct 28, 2022.
             Shot with an arrow by a centaur (8 damage)
             ... on level 4 of the Dungeon.
             The game lasted 00:13:50 (1906 turns).

oldmanjim the Magician (Djinni Earth Elementalist)  Turns: 1906, Time: 00:13:50

Health: -4/32      AC:  4    Str:  7    XL:     4   Next: 74%
Gold:   148        EV: 12    Int: 19    God:
                   SH:  0    Dex: 19

rFire   + + .      SeeInvis .    a - +0 long sword
rCold   x . .      Faith    .    (no shield)
rNeg    + . .      Spirit   .    n - +1 leather armour {rN+}
rPois   ∞          Reflect  .    (no helmet)
rElec   .          Harm     .    (no cloak)
rCorr   .          Rampage  .    (no gloves)
Will    .....                    (boots unavailable)
Stlth   ++........               (no amulet)
HPRegen 0.25/turn                j - +6 ring of dexterity
MPRegen 0.00/turn                (no ring)

@: flying
A: sickness immunity, fire resistance 2, cold vulnerability 1, float, innate
caster, HP casting, extra vitality 1
a: no special abilities


You were on level 4 of the Dungeon.
You visited 1 branch of the dungeon, and saw 4 of its levels.

You collected 148 gold pieces.

Inventory:

Hand Weapons
 a - a +0 long sword (weapon)
 i - a +0 dagger
Missiles
 b - 18 stones
 k - 3 poisoned darts
 r - 3 boomerangs
 v - 5 curare-tipped darts
 w - 6 atropa-tipped darts
Armour
 g - a +0 robe
 n - a +1 leather armour of positive energy (worn)
Jewellery
 j - a +6 ring of dexterity (left hand)
Wands
 l - a wand of roots (2)
Scrolls
 c - 3 scrolls of noise {unknown}
 d - a scroll of poison {unknown}
 e - 2 scrolls of silence {unknown}
 f - a scroll of enchant armour {unknown}
 h - 3 scrolls of identify {unknown}
 m - a scroll of magic mapping {unknown}
 s - a scroll of teleportation {unknown}
 t - a scroll of fear {unknown}
Potions
 o - 3 potions of brilliance {unknown}
 p - a potion of haste {unknown}
 q - a potion of attraction {unknown}
 u - 3 potions of mutation {unknown}
 x - a potion of might {unknown}


   Skills:
 - Level 1.0 Fighting
 + Level 2.3 Dodging
 - Level 1.5 Stealth
 + Level 3.8 Spellcasting


You couldn't memorise any spells.
You knew the following spells:

 Your Spells              Type           Power      Damage    Failure   Level
a - Sandblast             Erth           36%        2d10      4%          1
b - Passwall              Tmut/Erth      15%        N/A       7%          2
c - Stone Arrow           Conj/Erth      36%        3d9       13%         3
d - Petrify               Tmut/Erth      18%        N/A       41%         4
e - Magic Dart            Conj           72%        1d6       4%          1
Your spell library was empty.

Dungeon Overview and Level Annotations

Branches:
Dungeon (4/15)
 Temple: D:4-7

Altars:
Cheibriados
Qazlal


Innate Abilities, Weirdness & Mutations

You are immune to sickness and miasma.
You are immune to poison.
Your flesh is very heat resistant. (rF++)
You are vulnerable to cold. (rC-)
You float through the air rather than walking.
You learn spells naturally, not from books.
Your magical power is your life essence.
You have superior vitality. (+4 MHP)


Message History

Aim: an endoplasm (asleep, 100% to hit)
The magic dart hits the endoplasm.
The endoplasm is severely wounded.
The endoplasm quivers.
Casting: Magic Dart (safe; 4% risk of failure)
Confirm with . or Enter, or press ? or * to list all spells.
Aiming: Magic Dart (safe; 4% risk of failure)
Press: ? - help, Shift-Dir - straight line, f/p - endoplasm
Aim: an endoplasm (severely wounded, 100% to hit)
The magic dart hits the endoplasm.
You kill the endoplasm!
Your magical contamination has completely faded away.
Found a flail.
u - 3 fizzy emerald potions (gained 2)
You see here a +0 robe.
e - 2 scrolls labelled RIOSUE MOALYSCH (gained 1)
You now have 132 gold pieces (gained 10).
You now have 148 gold pieces (gained 16).
You reach down and open the door.
There is an open door here.
h - 3 scrolls labelled TUNO GOUCS (gained 1)
A centaur comes into view.
Casting: Magic Dart (safe; 4% risk of failure)
Confirm with . or Enter, or press ? or * to list all spells.
Aiming: Magic Dart (safe; 4% risk of failure)
Press: ? - help, Shift-Dir - straight line, f - centaur
Aim: a centaur (asleep, 100% to hit)
The magic dart hits the centaur.
The centaur is moderately wounded.
The centaur shouts!
The centaur wields a +0 shortbow.
The centaur shoots an arrow.
The arrow barely misses you.
The centaur shoots an arrow.
The arrow hits you.
The centaur shoots an arrow.
The arrow hits you!
The centaur shoots an arrow.
The arrow hits you!
The centaur shoots an arrow.
The arrow hits you!
* * * LOW HITPOINT WARNING * * *
There is an open door here.
The centaur shoots an arrow.
The arrow completely misses you.
The centaur shoots an arrow.
The arrow hits you!
You die...

#.......### #..........
#.......# #.......#
...#<#...#.# #..#.#...# #
#..#.#...# #. #..#.#...#.
#.. ..#.#@..#.# #
##.)####.#.#...#.# ..
#......#.#.#...#.# .#
#......#[..#.###.#####..#.
#............# #..........
#............# #...c......
#.#........c####.........#
+.........'.....####..##
#.........###...#


You could see a centaur.

Vanquished Creatures
  A gnoll (D:1)
  2 dart slugs (D:1)
  7 orcs (D:3)
  3 bats
  8 endoplasms
  4 giant cockroaches
  8 goblins
  5 hobgoblins
  3 jackals (D:1)
  2 kobolds (D:1)
  A quokka (D:3)
  4 ball pythons
  5 frilled lizards
  3 rats
56 creatures vanquished.

Notes
Turn   | Place    | Note
-------+----------+-------------------------------------------
     0 | D:1      | oldmanjim the Djinni Earth Elementalist began the quest for
                  | the Orb.
     0 | D:1      | oldmanjim set off with the following spells memorised:
                  | Sandblast, Passwall, Stone Arrow, Petrify.
     0 | D:1      | Reached XP level 1. HP: 15/15 MP: 0/0
    24 | D:1      | Reached XP level 2. HP: 20/21 MP: 0/0
    75 | D:1      | Reached skill level 3 in Spellcasting
   169 | D:1      | Reached XP level 3. HP: 21/25 MP: 0/0
   169 | D:1      | Learned a level 1 spell: Magic Dart
   981 | D:2      | Found a faded altar of an unknown god.
  1112 | D:2      | You are sucked into a shaft and drop 1 floor!
  1169 | D:3      | Reached XP level 4. HP: 28/31 MP: 0/0
  1359 | D:3      | Found a stormy altar of Qazlal.
  1435 | D:3      | Reached skill level 1 in Fighting
  1477 | D:3      | Found a snail-covered altar of Cheibriados.
  1892 | D:4      | Noticed a centaur
  1906 | D:4      | Shot with an arrow by a centaur

Illustrated notes

Levels and vault maps discovered:
D:1:      eino_arrival_tree_alley, layout_basic, serial_bayou_ford_a
D:2:      layout_loops_ring, shapermc_ecumenical_altar_totnotflames,
          serial_bayou, serial_bayou_pond_a, serial_bayou_shore_a,
          serial_bayou_lake_a, serial_bayou_lagoon_a, kennysheep_generic_room_13
D:3:      cheibrodos_old_hovel, layout_basic, mainiacjoe_overflow_brackets,
          general_overflow_altar, minmay_misc_feat_more_columns
D:4:      layout_basic, zin_scriptorium, nicolae_overflow_hidden_temple,
          minmay_gold_behind_fungi, chequers_arboretum, corexii_shack

Skill      XL: |  1  2  3  4 |
---------------+-------------+-----
Spellcasting   | 3 |  3.8
Fighting       | 1 |  1.0
Dodging        | |  2.3
Stealth        | |  1.5

Action                   |  1- 3 |  4- 6 || total
-------------------------+-------+-------++-------
 Cast: Sandblast         |    30 |    24 ||    54
       Magic Dart        |    26 |    37 ||    63
Dodge: Dodged            |     4 |     7 ||    11

Table legend: (Time is in decaauts)
 A = Elapsed time spent in this place.
 B = Non-inter-level travel time spent in this place.
 C = Inter-level travel time spent in this place.
 D = Time resting spent in this place.
 E = Time spent auto-exploring this place.
 F = Levels seen in this place.
 G = Mean time per level.
                   A        B        C        D        E       F      G
               +--------+--------+--------+--------+--------+-----+--------+
         Total |   1930 |   1836 |     94 |     61 |   1415 |   4 |  482.5 |
       Dungeon |   1930 |   1836 |     94 |     61 |   1415 |   4 |  482.5 |
               +--------+--------+--------+--------+--------+-----+--------+

Top non-repeatable levels by time:
     D:1: 893 daAuts
     D:3: 725 daAuts
     D:2: 231 daAuts
     D:4: 80 daAuts
